 Dungeon Crawl Stone Soup version 0.20-a0-899-g09a9bfb (webtiles) character file.

222 4thArraOfDagon the Gusty (level 5, -2/35 HPs)
             Began as a Barachi Air Elementalist on Mar 18, 2017.
             Slain by a wyvern zombie (12 damage)
             ... on level 7 of the Dungeon.
             The game lasted 00:06:08 (905 turns).

4thArraOfDagon the Gusty (Barachi Air Elementalist)  Turns: 905, Time: 00:06:09

Health: -2/35      AC:  5    Str:  9    XL:     5   Next: 99%
Magic:  1/8        EV: 12    Int: 16    God:
Gold:   88         SH:  0    Dex: 13    Spells: 5/8 levels left

rFire    . . .     SeeInvis .   d - +4 hand axe
rCold    . . .     Gourm    .   a - +0 robe
rNeg     . . .     Faith    .   (no shield)
rPois    .         Spirit   .   (no helmet)
rElec    .         Reflect  .   k - +0 cloak
rCorr    .         Harm     .   i - +1 pair of gloves
MR       .....                  (no boots)
Stlth    ++........             (no amulet)
Regen    0.2/turn               (no ring)
MPRegen  0.2/turn               (no ring)

@: very slightly contaminated, slow
A: +LOS, swims, slowness 1, strong legs 1
a: Hop


You were on level 7 of the Dungeon.
You were not hungry.

You visited 1 branch of the dungeon, and saw 8 of its levels.

You collected 88 gold pieces.

Inventory:

Hand Weapons
 d - a +4 hand axe (weapon)
Armour
 a - a +0 robe (worn)
 i - a +1 pair of gloves (worn)
 k - a +0 cloak (worn)
Wands
 n - a wand of iceblast (9/15)
Scrolls
 e - a scroll of teleportation
Potions
 h - a potion of lignification {unknown}
 j - a potion of curing {unknown}
 l - 2 potions of agility
Books
 b - a book of Air

   Spells                             Type                      Level
   a - Shock                          Conjuration/Air              1
   b - Swiftness                      Charms/Air                   2
   c - Static Discharge               Conjuration/Air              3
   d - Airstrike                      Air                          4
   e - Lightning Bolt                 Conjuration/Air              5
Comestibles
 c - 3 bread rations
 f - a meat ration
 g - a royal jelly


   Skills:
 * Level 3.1 Axes
 - Level 2.1 Dodging
 - Level 1.7 Stealth
 - Level 2.1 Spellcasting
 * Level 3.6 Conjurations
 * Level 5.0 Air Magic


You had 5 spell levels left.
You knew the following spells:

 Your Spells              Type           Power        Failure   Level  Hunger
a - Shock                 Conj/Air       ###.         4%          1    #......
b - Swiftness             Chrm/Air       #.......     12%         2    ###....


Dungeon Overview and Level Annotations

Branches:
Dungeon (8/15)
 Temple: D:4-7         Lair: D:8-11

Altars:
Ru

Annotations:
D:3 4thArraOfDagon's ghost, amateur DsHu
D:5 Blork the orc


Innate Abilities, Weirdness & Mutations

Shadows flee at your approach. (+LOS)
You can swim through water.
You cover ground slowly.
You can hop short distances.


Message History

The zap hits the wyvern zombie.
The wyvern zombie is moderately damaged.
The zap hits the wyvern zombie.
The wyvern zombie is heavily damaged.
The wyvern zombie closely misses you.
Casting: Shock
Confirm with . or Enter, or press ? or * to list all spells.
Aiming: Shock
Press: ? - help, Shift-Dir - straight line The zap hits the wyvern zombie.
The wyvern zombie is heavily damaged.
The zap hits the wyvern zombie.
The wyvern zombie is severely damaged.
The wyvern zombie closely misses you.
You hit the wyvern zombie.
The wyvern zombie is severely damaged.
The wyvern zombie bites you!
* * * LOW HITPOINT WARNING * * *
The wyvern zombie bites you!
You die...

#.# #.# # #.# #+#
#.# ... #.# .....
##.## ...y...
##...####.........
#.......+.......h.+
##...####.........#
##.@..###.......##
#Z##.# #.# .# ... #
##..# #..# #...
#.#. ..#..


You could see a wyvern zombie.

Vanquished Creatures
  A centaur (D:7)
  A howler monkey (D:5)
  A centaur skeleton (D:7)
  A jelly (D:7)
  A worker ant (D:5)
  2 leopard geckos
  2 orcs
  A ball python (D:2)
  2 giant cockroaches
  2 hobgoblins
  2 jackals (D:2)
  A bat (D:3)
  2 kobolds (D:2)
  2 rats
21 creatures vanquished.

Notes
Turn   | Place    | Note
-------+----------+-------------------------------------------
     0 | D:1      | 4thArraOfDagon the Barachi Air Elementalist began the quest for the Orb.
     0 | D:1      | Reached XP level 1. HP: 13/13 MP: 3/3
    26 | D:2      | Found a sacrificial altar of Ru.
   104 | D:3      | Reached XP level 2. HP: 12/19 MP: 0/5
   190 | D:3      | Noticed 4thArraOfDagon's ghost (amateur DsHu)
   382 | D:5      | Entered Level 5 of the Dungeon
   433 | D:5      | Noticed an ogre
   450 | D:5      | Noticed a howler monkey
   457 | D:5      | Killed a howler monkey
   457 | D:5      | Reached skill level 1 in Axes
   457 | D:5      | Reached skill level 4 in Air Magic
   457 | D:5      | Reached XP level 3. HP: 14/24 MP: 1/6
   539 | D:5      | Noticed an ogre
   577 | D:5      | Reached XP level 4. HP: 30/30 MP: 7/7
   583 | D:5      | Learned a level 2 spell: Swiftness
   627 | D:5      | Noticed Blork the orc
   758 | D:7      | Noticed a centaur
   762 | D:7      | Killed a centaur
   762 | D:7      | Reached XP level 5. HP: 16/35 MP: 4/8
   789 | D:8      | Noticed a two-headed ogre
   854 | D:7      | Noticed a hornet
   854 | D:7      | Noticed a black bear
   869 | D:7      | Reached skill level 5 in Air Magic
   905 | D:7      | Slain by a wyvern zombie

Vault maps used:
D:1:      minmay_arrival_up_and_down, glass_columns_c, minmay_tromino_v4_b
D:2:      minmay_wonky_spiral, lemuel_round_altar,
          nicolae_ru_sacrificial_ziggurat
D:3:      kennysheep_generic_room_6
D:4:      kennysheep_mini, old_standard_altar, temple_fountains, first_bread,
          uniq_robin
D:5:      minmay_misc_feat_pillars, uniq_blork_the_orc
D:6:      old_standard_altar, patterned_corridor, uniq_edmund
D:7:      kennysheep_seaside_town, led_sif_book, enter_bailey_2
D:8:      old_standard_altar

Skill      XL: |  1  2  3  4  5 |
---------------+----------------+-----
Axes           | 1 2 3 |  3.1
Conjurations   | 2 3 |  3.6
Air Magic      | 4 5 |  5.0
Dodging        | |  2.1
Stealth        | |  1.7
Spellcasting   | |  2.1

Action                   |  1- 3 |  4- 6 || total
-------------------------+-------+-------++-------
Melee: Hand axe          |    33 |     7 ||    40
 Cast: Shock             |    18 |    21 ||    39
  Use: Scroll            |     7 |     2 ||     9
 Stab: Sleeping          |     1 |     1 ||     2
  Eat: Royal jelly       |       |     1 ||     1
Armor: Robe              |     9 |     1 ||    10
Dodge: Dodged            |    24 |     9 ||    33
